 Dungeon Crawl Stone Soup version 0.31-a0-971-g75a2e9a4b4 (webtiles) character file.

Game seed: 3102040684393984806

2429 Xavori the Trooper (level 9, -2/58 HPs)
             Began as a Djinni Chaos Knight on Oct 28, 2023.
             Was a Plaything of Xom.
             Slain by a warg (9 damage)
             ... on level 6 of the Dungeon.
             The game lasted 00:09:29 (15011 turns).

Xavori the Trooper (Djinni Chaos Knight)           Turns: 15011, Time: 00:09:30

Health: -2/58      AC:  0    Str: 10    XL:     9   Next: 77%
Gold:   2060       EV: 23    Int: 19    God:    Xom [*.....] SH:  0 Dex: 20

rFire   + . .        a - melded +0 falchion (chaos)
rCold   + . .        v - melded +0 buckler
rNeg    . . .        b - melded +2 leather armour
rPois   ∞            (helmet unavailable)
rElec   +            p - melded +2 cloak
rCorr   +            (gloves currently unavailable)
SInv    .            (boots unavailable)
Will    .....        (no amulet)
Stlth   ++           d - melded ring "Ucyluc" {EV+5 Str+4}
HPRegen 0.00/turn    f - melded ring "Comedor" {rN+ Dex+6}
MPRegen 0.00/turn

%: clarity, infuse magic (-3 HP)
@: mighty, bat-form (expiring), resistant, flying, inhibited regen, very quick
A: fast, flying, no casting, sickness immunity, tiny, (fire resistance 2), (cold
vulnerability 1), float, innate caster, HP casting, extra vitality 1, (horns 3),
(iridescent scales 1), clarity, clever 1, (deformed body), frail 1, inhibited
regeneration, MP-powered wands
a: Renounce Religion


You were on level 6 of the Dungeon.
You worshipped Xom.
You were a special plaything of Xom.
You were a bat.
You visited 1 branch of the dungeon, and saw 6 of its levels.

You collected 2501 gold pieces.
You spent 441 gold pieces at shops.

Inventory:

Hand Weapons
 a - a +0 falchion of chaos (melded)
Armour
 b - a +2 leather armour (melded)
 k - a +2 helmet
 p - a +2 cloak (melded)
 v - a +0 buckler (melded)
Jewellery
 d - the ring "Ucyluc" (melded) {EV+5 Str+4}
   (You acquired it on level 6 of the Dungeon)

   [ring of evasion]

   EV+5:      It affects your evasion (+5).
   Str+4:     It affects your strength (+4).
 f - the ring "Comedor" (melded) {rN+ Dex+6}
   (You acquired it on level 2 of the Dungeon)

   [ring of dexterity]

   Dex+6:     It affects your dexterity (+6).
   rN+:       It protects you from negative energy.
 h - a ring of willpower
 s - the ring of the Enemy {rF+ rC+++ Str+3 Int+6 Dex-5}
   (You acquired it on level 6 of the Dungeon)

   [ring of protection from fire]

   Str+3:     It affects your strength (+3).
   Int+6:     It affects your intelligence (+6).
   Dex-5:     It affects your dexterity (-5).
   rF+:       It protects you from fire.
   rC+++:     It renders you almost immune to cold.
 w - a ring of ice
Wands
 o - a wand of mindburst (15)
Scrolls
 c - a scroll of butterflies
 l - a scroll of enchant weapon
 q - a scroll of vulnerability
 r - a scroll of enchant armour
 t - a scroll of fear
 u - 2 scrolls of revelation
 y - 3 scrolls of torment {unknown}
 A - 2 scrolls of identify
 C - 3 scrolls of teleportation
Potions
 e - a potion of haste
 i - 3 potions of mutation
 j - a potion of cancellation
 m - a potion of invisibility
 n - 3 potions of curing {unknown}
 x - a potion of resistance {unknown}
 z - a potion of brilliance {unknown}
 B - a potion of enlightenment {unknown}


   Skills:
 + Level 5.5 Fighting
 + Level 5.0 Long Blades
 + Level 4.6 Armour
 + Level 5.5 Dodging
 + Level 3.5 Shields
 * Level 4.4 Spellcasting
 * Level 4.4 Conjurations
 * Level 4.4 Hexes
   Level 0.0 Charms
 * Level 4.4 Summonings
 * Level 4.4 Necromancy
 * Level 4.4 Translocations
 * Level 4.4 Transmutations
 * Level 4.4 Fire Magic
 * Level 4.4 Ice Magic
 * Level 4.4 Air Magic
 * Level 4.4 Earth Magic
 * Level 4.4 Poison Magic
 + Level 3.0 Evocations


You knew the following spells:

 Your Spells              Type           Power      Damage    Failure   Level
a - Necrotise             Necr           84%        1d8       1%          1
b - Call Imp              Summ           42%        N/A       3%          2
c - Tukima's Dance        Hex            21%        N/A       6%          3
d - Animate Dead          Necr           21%        N/A       21%         4
Your spell library was empty.

Dungeon Overview and Level Annotations

Branches:
Dungeon (6/15)             Temple (0/1) D:6

Altars:
Hepliaklqana
Makhleb
Uskayaw
Xom
Zin

Annotations:
D:4 2 transporters


Innate Abilities, Weirdness & Mutations

You are a bat.
You are tiny and dextrous.
You move quickly.
You are flying.
Your equipment is almost entirely melded.
You are incapable of wielding weapons or throwing items.
You cannot cast spells.
You are immune to sickness and miasma.
You are immune to poison.
((Your flesh is very heat resistant. (rF++)))
((You are vulnerable to cold. (rC-)))
You float through the air rather than walking.
You learn spells naturally, not from books.
Your magical power is your life essence.
You have superior vitality. (+4 MHP)
((You have a pair of large horns on your head.))
((You are partially covered in iridescent scales. (AC +2)))
You possess an exceptional clarity of mind.
Your mind is acute. (Int +4, Str/Dex -1)
((Armour fits poorly on your strangely shaped body.))
You are frail. (-10% HP)
You do not regenerate when monsters are visible.
You expend health (3 HP) to strengthen your wands.


Message History

Unknown command.
Unknown command.
The scorpion is engulfed in seething chaos.
The scorpion suddenly seems more resistant.
Your limbs are stiffening.
Unknown command.
Unknown command.
Unknown command.
Unknown command.
You bite the scorpion!
The scorpion is heavily wounded.
The scorpion is engulfed in seething chaos.
The scorpion is moving more slowly.
Xom thinks this is hilarious!
The scorpion stings you.
The scorpion is engulfed in seething chaos.
The scorpion stings you!
The dart slug is engulfed in seething chaos.
You have turned to stone.
The scorpion stings you! The scorpion barely misses you.
The scorpion stings you! "This might be better!"
The scorpion evaporates and reforms as a warg!
The warg bites you! The warg bites you.
Your transformation is almost over.
The warg bites you. The warg barely misses you. The warg bites you!
* * * LOW HITPOINT WARNING * * *
You feel yourself speed up. The warg barely misses you. The warg bites you!!
* * * LOW HITPOINT WARNING * * *
You turn to flesh and can move again.
Unknown command.
Unknown command.
Unknown command.
The warg attacks as it pursues you! The warg bites you!
You die...
Xom giggles madly!

.##
##.##.........).....###.#####
## #.............).^#..#
#...>.. .##
#.####.....####..#..###.##.#.
#)###.#
##...##.?#..#......##...
##.#..#
##.##...#....##..###...
##.#.## #.#...##........#
#... #.#..##
+#.#).##..#.####.# #...
#.#...###...###...#.# #.#
#... #.........8w.hb.....#
#.# ###<
###...###..{###...###
#.#####.
#..##.'#.#§f##..######.....(.
#.##.. #.#Y{.##............##
#.#. ##.##...#.######..##.#
#.# ##...##.!#.######..##.##
#.####.....####.........#...#
#..........).................
##.##.....####..#####.......#


You could see a warg and a dart slug.

Vanquished Creatures
  A hornet (D:6)
  Eustachio (D:4)
  2 black bears
  An ogre (D:5)
  A centaur (D:4)
  A phantom (D:4)
  A scorpion (D:5)
  2 bullfrogs (D:6)
  2 wights (D:6)
  3 hounds
  Crazy Yiuf (D:3)
  2 orc priests
  A gnoll bouda (D:5)
  2 jellies
  3 iguanas
  A sleepcap (D:6)
  An orc wizard (D:5)
  Robin (D:2)
  5 gnolls (D:5)
  5 adders
  A white imp (D:6)
  An ufetubus (D:6)
  2 worms
  5 dart slugs
  15 orcs
  13 ball pythons
  5 bats
  6 endoplasms
  3 giant cockroaches
  16 goblins
  10 hobgoblins
  5 quokkas
  A frilled lizard (D:1)
  5 kobolds
  4 rats
129 creatures vanquished.

Vanquished Creatures (collateral kills)
  A two-headed ogre (D:6)
  Grinder (D:5)
  3 orcs (D:3)
5 creatures vanquished.

Vanquished Creatures (others)
  A dancing weapon (D:6)
1 creature vanquished.

Grand Total: 135 creatures vanquished

Notes
Turn   | Place    | Note
-------+----------+-------------------------------------------
     0 | D:1      | Xavori the Djinni Chaos Knight began the quest for the Orb.
     0 | D:1      | Reached XP level 1. HP: 20/20 MP: 0/0
   127 | D:1      | XOM: potion effect (attraction)
   129 | D:1      | Reached XP level 2. HP: 25/25 MP: 0/0
   139 | D:1      | XOM: divination: detect items
   170 | D:1      | XOM: cloud trail
   206 | D:1      | XOM: scenery: create altars
   251 | D:1      | Reached XP level 3. HP: 23/30 MP: 0/0
   251 | D:1      | Learned a level 1 spell: Necrotise
   358 | D:1      | XOM: god gift: bubbling orange potion {god gift}
   414 | D:1      | XOM: smoke on damage
   671 | D:1      | XOM: cloud trail
   785 | D:1      | XOM: scenery: summon butterflies
   922 | D:1      | XOM: give mutation
   922 | D:1      | Gained mutation: You expend health (3 HP) to strengthen
                  | your wands. [Xom's grace]
   924 | D:1      | Reached skill level 1 in Spellcasting
   924 | D:1      | Reached skill level 1 in Conjurations
   924 | D:1      | Reached skill level 1 in Hexes
   924 | D:1      | Reached skill level 1 in Summonings
   924 | D:1      | Reached skill level 1 in Necromancy
   924 | D:1      | Reached skill level 1 in Translocations
   924 | D:1      | Reached skill level 1 in Transmutations
   924 | D:1      | Reached skill level 1 in Fire Magic
   924 | D:1      | Reached skill level 1 in Ice Magic
   924 | D:1      | Reached skill level 1 in Air Magic
   924 | D:1      | Reached skill level 1 in Earth Magic
   924 | D:1      | Reached skill level 1 in Poison Magic
  1066 | D:1      | XOM: god gift: glowing mace {god gift}
  1291 | D:1      | XOM: divination: magic mapping
  1564 | D:1      | XOM: god gift: scroll labelled TEG ZAQIROKE {god gift}
  1693 | D:1      | XOM: scenery: 2 doors close
  1943 | D:1      | XOM: god gift: book of Dangerous Friends
  2133 | D:1      | XOM: divination: detect items
  2867 | D:1      | XOM: summons 1 hostile shadow creature
  3137 | D:2      | XOM: summons 2 hostile demons
  3138 | D:2      | Noticed a chaos spawn
  3254 | D:1      | XOM: summons 1 hostile demon
  3582 | D:1      | XOM: give mutations
  3582 | D:1      | Gained mutation: Armour fits poorly on your strangely
                  | shaped body. [Xom's mischief]
  3582 | D:1      | Gained mutation: You are agile. (Dex +4, Str/Int -1) [Xom's
                  | mischief]
  3582 | D:1      | Gained mutation: You have a pair of small horns on your
                  | head. [Xom's mischief]
  3582 | D:1      | Gained mutation: You have a pair of horns on your head.
                  | [Xom's mischief]
  4232 | D:1      | XOM: silly message
  4533 | D:1      | XOM: stat loss: -1 Str (9/10)
  5049 | D:1      | XOM: stat loss: -1 Dex (17/18)
  5225 | D:1      | XOM: summons 2 hostile demons
  5226 | D:1      | Noticed a red devil
  5777 | D:1      | XOM: noise
  5894 | D:1      | XOM: give mutation
  5894 | D:1      | Gained mutation: You sometimes lose your temper in combat.
                  | [Xom's mischief]
  6053 | D:1      | XOM: noise
  6592 | D:1      | XOM: scenery: 2 doors open
  6669 | D:1      | XOM: cloud trail
  6897 | D:1      | XOM: god gift: 969 gold pieces
  7190 | D:1      | XOM: scenery: 2 doors close
  7940 | D:1      | XOM: cloud trail
  8362 | D:1      | XOM is BORED!
  8362 | D:1      | XOM: give mutations
  8362 | D:1      | Gained mutation: You are frail. (-10% HP) [Xom's mischief]
  8362 | D:1      | Lost mutation: You are agile. (Dex +4, Str/Int -1) [Xom's
                  | mischief]
  8362 | D:1      | Gained mutation: You do not regenerate when monsters are
                  | visible. [Xom's mischief]
  8729 | D:1      | XOM: give mutations
  8729 | D:1      | Gained mutation: Your body sometimes deteriorates upon
                  | taking damage. [Xom's mischief]
  8729 | D:1      | Lost mutation: Your body sometimes deteriorates upon taking
                  | damage. [Xom's mischief]
  8729 | D:1      | Gained mutation: You are partially covered in iridescent
                  | scales. (AC +2) [Xom's mischief]
  9064 | D:1      | XOM: give mutation
  9064 | D:1      | Lost mutation: You sometimes lose your temper in combat.
                  | [Xom's mischief]
  9943 | D:2      | Noticed Robin
  9952 | D:2      | Killed Robin
  9953 | D:2      | Reached XP level 4. HP: 22/31 MP: 0/0
  9954 | D:2      | XOM: smoke on damage
  9961 | D:2      | XOM: silly message
 10116 | D:2      | Found a faded altar of an unknown god.
 10228 | D:2      | Found a burning altar of Makhleb.
 10343 | D:2      | XOM: 1-stop teleportation journey
 10771 | D:2      | XOM: god gift: 770 gold pieces
 10783 | D:2      | XOM: god gift: scroll labelled YQYVEN FUTE {god gift}
 10788 | D:2      | Identified a scroll of acquirement
 10789 | D:2      | Identified the of Sauph (You acquired it on level 2 of the
                  | Dungeon)
 10789 | D:2      | Acquired the ring "Comedor" {rN+ Dex+6}
 10962 | D:3      | XOM: butterfly on damage
 10968 | D:3      | XOM: cloud trail
 11018 | D:3      | XOM: god gift: smoky cyan potion {god gift}
 11167 | D:3      | Reached XP level 5. HP: 36/36 MP: 0/0
 11167 | D:3      | Learned a level 2 spell: Call Imp
 11297 | D:3      | Found a runed translucent door.
 11298 | D:3      | Noticed Crazy Yiuf
 11332 | D:3      | XOM: enchant monster (good)
 11344 | D:3      | XOM: cast spell 'Summon Mana Viper'
 11640 | D:3      | XOM: stat loss: -1 Str (9/11)
 11686 | D:3      | Killed Crazy Yiuf
 11790 | D:4      | Noticed a phantom
 11798 | D:4      | Killed a phantom
 11799 | D:4      | Reached XP level 6. HP: 34/42 MP: 0/0
 11854 | D:4      | Found Quxt's Magic Scroll Shop.
 11861 | D:4      | Bought a scroll of identify for 26 gold pieces
 11861 | D:4      | Bought a scroll of identify for 26 gold pieces
 11861 | D:4      | Bought a scroll of identify for 26 gold pieces
 11861 | D:4      | Bought a scroll of enchant armour for 97 gold pieces
 11861 | D:4      | Bought a scroll of identify for 26 gold pieces
 11861 | D:4      | Bought a scroll of teleportation for 39 gold pieces
 11861 | D:4      | Bought a scroll of fear for 52 gold pieces
 11861 | D:4      | Bought a scroll of revelation for 97 gold pieces
 11861 | D:4      | Bought a scroll of fear for 52 gold pieces
 11925 | D:4      | Noticed a black bear
 11927 | D:4      | XOM: cleaving
 11929 | D:4      | XOM: scenery: create altars
 11936 | D:4      | Killed a black bear
 12072 | D:4      | Noticed an orc warrior
 12073 | D:4      | Found a transporter.
 12083 | D:4      | Found a transporter.
 12087 | D:4      | Noticed an orc warrior
 12092 | D:4      | Found a hazy altar of Hepliaklqana.
 12150 | D:4      | Found a hide-covered altar of Uskayaw.
 12154 | D:4      | Reached XP level 7. HP: 46/46 MP: 0/0
 12154 | D:4      | Learned a level 3 spell: Tukima's Dance
 12167 | D:4      | Noticed Eustachio
 12190 | D:4      | Killed Eustachio
 12191 | D:4      | Reached skill level 1 in Shields
 12383 | D:4      | XOM: stat loss: -1 Str (10/11)
 12626 | D:5      | Entered Level 5 of the Dungeon
 12626 | D:5      | Found a shimmering altar of Xom.
 12678 | D:4      | XOM: confuse monster(s)
 12797 | D:4      | XOM: god gift: 9 stones
 12827 | D:5      | XOM: scenery: 1 doors open, 1 doors close
 12830 | D:5      | a scorpion changed into a glowing shapeshifter
 12830 | D:5      | Noticed a glowing shapeshifter (glowing shapeshifter)
 12830 | D:5      | a glowing shapeshifter changed into a wolf spider
 12830 | D:5      | Noticed a wolf spider (glowing shapeshifter)
 12832 | D:5      | a wolf spider changed into an ettin
 12832 | D:5      | Noticed an ettin (glowing shapeshifter)
 12833 | D:5      | an ettin changed into a goliath frog
 12833 | D:5      | Noticed a goliath frog (glowing shapeshifter)
 12838 | D:5      | a goliath frog changed into a tyrant leech
 12838 | D:5      | Noticed a tyrant leech (glowing shapeshifter)
 12927 | D:4      | XOM: give mutations
 12927 | D:4      | Gained mutation: You have a pair of large horns on your
                  | head. [Xom's grace]
 12927 | D:4      | Gained mutation: Your mind is acute. (Int +4, Str/Dex -1)
                  | [Xom's grace]
 12927 | D:4      | Gained mutation: You possess an exceptional clarity of
                  | mind. [Xom's grace]
 13007 | D:4      | XOM: scenery: 1 doors open
 13020 | D:5      | Reached XP level 8. HP: 52/52 MP: 0/0
 13066 | D:5      | XOM: fog
 13073 | D:5      | XOM: smoke on damage
 13079 | D:5      | XOM: scenery: 1 doors close
 13417 | D:5      | Noticed a spark wasp
 13432 | D:5      | Noticed Grinder
 13437 | D:5      | XOM: summons friendly crimson imp
 13446 | D:5      | XOM: enchant monster (good)
 13450 | D:5      | Killed Grinder
 13451 | D:5      | Reached skill level 1 in Evocations
 13553 | D:5      | Noticed a quicksilver ooze
 13553 | D:5      | XOM: 5-stop teleportation journey
 13557 | D:5      | a quicksilver ooze changed into a goliath frog
 13557 | D:5      | Noticed a goliath frog (glowing shapeshifter)
 13656 | D:5      | XOM: summons 1 hostile demon
 13756 | D:6      | Identified the of Rirall (You acquired it on level 6 of
                  | the Dungeon)
 13756 | D:6      | Acquired the ring of the Enemy {rF+ rC+++ Str+3 Int+6
                  | Dex-5}
 13758 | D:6      | Acquired 543 gold pieces
 13759 | D:6      | Acquired the ring "Ucyluc" {EV+5 Str+4}
 13928 | D:6      | Noticed a two-headed ogre
 13929 | D:6      | XOM: 9-stop teleportation journey
 13974 | D:6      | Found a staircase to the Ecumenical Temple.
 14084 | D:6      | XOM: noise
 14134 | D:6      | a water moccasin changed into a hornet
 14134 | D:6      | Noticed a hornet
 14134 | D:6      | XOM: polymorph water moccasin -> hornet
 14149 | D:6      | XOM: noise
 14150 | D:6      | Killed a hornet
 14151 | D:6      | Reached skill level 5 in Fighting
 14151 | D:6      | Reached XP level 9. HP: 36/58 MP: 0/0
 14151 | D:6      | Learned a level 4 spell: Animate Dead
 14152 | D:6      | Reached skill level 5 in Dodging
 14292 | D:6      | XOM: blink monster(s)
 14295 | D:6      | XOM: smoke on damage
 14519 | D:6      | Found a glowing silver altar of Zin.
 14594 | D:6      | XOM: stat loss: -1 Int (18/19)
 14640 | D:6      | XOM: 4-stop teleportation journey
 14695 | D:6      | XOM: summons 1 hostile shadow creature
 14825 | D:6      | XOM: 1-stop teleportation journey
 14836 | D:6      | Killed a two-headed ogre
 14837 | D:6      | Reached skill level 5 in Long Blades
 14995 | D:6      | XOM: chaos cloud
 15005 | D:6      | XOM: polymorph scorpion -> warg
 15011 | D:6      | Slain by a warg

Illustrated notes

Levels and vault maps discovered:
D:1:      psy_arrival_radial01, layout_basic, minmay_close_crescents
D:2:      layout_basic, basic_altar, shapermc_ecumenical_altar_totnotflames,
          uniq_robin
D:3:      layout_loops_ring, uniq_crazy_yiuf_cottage
D:4:      layout_basic, eat_drink_and_be_merry_uskayaw,
          gammafunk_temple_overflow_arena, serial_shops, nicolae_diamond_shop,
          uniq_eustachio
D:5:      layout_gridville, mainiacjoe_overflow_alcove_1, uniq_grinder
D:6:      cheibrodos_barr_body, layout_loops_ring, led_sif_pool, zin_statuary,
          minmay_temple_entry_trees

Skill      XL: |  1  2  3  4  5  6  7  8  9 |
---------------+----------------------------+-----
Long Blades    | 3 4 5 |  5.0
Spellcasting   | 1 2 3 4 |  4.4
Conjurations   | 1 2 3 4 |  4.4
Hexes          | 1 2 3 4 |  4.4
Summonings     | 1 2 3 4 |  4.4
Necromancy     | 1 2 3 4 |  4.4
Translocations | 1 2 3 4 |  4.4
Transmutations | 1 2 3 4 |  4.4
Fire Magic     | 1 2 3 4 |  4.4
Ice Magic      | 1 2 3 4 |  4.4
Air Magic      | 1 2 3 4 |  4.4
Earth Magic    | 1 2 3 4 |  4.4
Poison Magic   | 1 2 3 4 |  4.4
Armour         | 2 3 4 |  4.6
Dodging        | 3 4 5 |  5.5
Fighting       | 4 5 |  5.5
Shields        | 1 2 3 |  3.5
Evocations     | 2 3 |  3.0

Action                     |  1- 3 |  4- 6 |  7- 9 || total
---------------------------+-------+-------+-------++-------
  Melee: Falchion          |   103 |    98 |   223 ||   424
         Headbutt          |     3 |    20 |    68 ||    91
         Unarmed           |       |       |     1 ||     1
   Cast: Call Imp          |       |     1 |     1 ||     2
         Tukima's Dance    |       |       |     4 ||     4
  Evoke: Wand              |       |       |     1 ||     1
    Use: Scroll            |     1 |     3 |    11 ||    15
         Potion            |     1 |     1 |     1 ||     3
   Stab: Sleeping          |     1 |     2 |     2 ||     5
         Confused          |       |     1 |     3 ||     4
         Distracted        |       |       |     1 ||     1
         Petrifying        |       |       |     1 ||     1
         Petrified         |       |       |     1 ||     1
 Armour: Leather armour    |    66 |    53 |   129 ||   248
         Skin              |       |       |    26 ||    26
  Dodge: Dodged            |    78 |    63 |   177 ||   318
  Block: Buckler           |       |     1 |    78 ||    79

Table legend: (Time is in decaauts)
 A = Elapsed time spent in this place.
 B = Non-inter-level travel time spent in this place.
 C = Inter-level travel time spent in this place.
 D = Time resting spent in this place.
 E = Time spent auto-exploring this place.
 F = Levels seen in this place.
 G = Mean time per level.
                   A        B        C        D        E       F      G
               +--------+--------+--------+--------+--------+-----+--------+
         Total |  15076 |  14853 |    223 |   9783 |   3806 |   6 | 2512.7 |
       Dungeon |  15076 |  14853 |    223 |   9783 |   3806 |   6 | 2512.7 |
               +--------+--------+--------+--------+--------+-----+--------+

Top non-repeatable levels by time:
     D:1: 9426 daAuts
     D:2: 1505 daAuts
     D:4: 1331 daAuts
     D:6: 1126 daAuts
     D:3: 875 daAuts
     D:5: 811 daAuts
